Map: Oxide LE

Players

ExpecT

  • Race: Terran Terran

Has - Winner!

  • Race: Protoss Protoss

Event: DreamHack SC2 Masters 2021 Fall

VOD

Have the link to the VOD?

Description

Time

  • Played on: July 30, 2021, 9:46 a.m.
  • Length: 11:28

All games in this series

Show
View Real Time Build Order
Export as new Build Order

ExpecT Terran 

Build Orders: 1/1/1, Widow Mine Drop 

Get SALT Encoding   

  12  0:00  SCV  
  13  0:12  SCV  
  14  0:17  Supply Depot  
  14  0:24  SCV  
  15  0:39  SCV, Barracks  
  16  0:45  Refinery  
  16  0:52  SCV  
  16  0:54  Refinery  
  17  1:04  SCV  
  18  1:16  SCV  
  19  1:26  Marine  
  19  1:29  Orbital Command  
  20  1:35  Factory  
  20  1:46  Supply Depot  
  20  1:55  Barracks Reactor  
  20  1:57  SCV  
  21  2:09  SCV  
  22  2:20  Starport  
  22  2:22  Supply Depot  
  22  2:23  SCV  
  23  2:35  SCV  
  24  2:38  Widow Mine  
  24  2:39  Widow Mine  
  28  2:47  SCV  
  29  2:56  Medivac  
  31  3:00  Widow Mine x2  
  31  3:05  Armory  
  35  3:06  Supply Depot  
  35  3:09  Barracks Tech Lab  
  35  3:34  Command Center  
  35  3:37  Cyclone  
  38  3:48  Marine x2  
  40  3:51  Viking  
  42  3:57  SCV  
  43  4:06  Supply Depot  
  43  4:09  Marine x2  
  45  4:21  SCV  
  46  4:28  Marine x2, Viking, Cyclone  
  53  4:34  SCV  
  54  4:47  SCV  
  54  4:50  Marine  
  54  4:51  Marine  
  57  4:53  Barracks  
  57  4:59  SCV  
  58  5:03  Viking  
  58  5:04  Siege Tank  
  63  5:09  Orbital Command  
  63  5:13  Marine x2  
  63  5:24  SCV  
  63  5:25  Supply Depot  
  64  5:36  SCV  
  64  5:37  Viking  
  64  5:40  Siege Tank  
  70  5:46  Marine x2, SCV, Barracks Tech Lab  
  70  5:48  SCV  
  70  5:49  Supply Depot  
  74  5:59  SCV  
  74  6:00  SCV  
  74  6:02  Supply Depot  
  76  6:10  Marine x2  
  76  6:11  Marine, SCV  
  62  6:28  Marine x2, SCV  
  62  6:29  Marine  
  62  6:30  Siege Tank  
  62  6:35  Starport Reactor  
  62  6:36  Stimpack  
  62  6:38  SCV  
  60  6:40  SCV, Barracks  
  61  6:48  Marine x2, Command Center  
  61  6:53  SCV  
  64  6:59  Marauder  
  64  7:00  SCV  
  63  7:03  Refinery  
  63  7:04  Refinery  
  63  7:05  SCV, Siege Tank  
  65  7:12  SCV  
  66  7:17  SCV  
  66  7:21  Viking x2  
  71  7:24  SCV  
  71  7:28  Barracks Tech Lab  
  72  7:30  SCV  
  72  7:34  Barracks  
  72  7:35  Barracks  
  72  7:36  SCV  
  74  7:39  Engineering Bay  
  74  7:41  Siege Tank  
  77  7:46  Supply Depot  
  77  7:51  Combat Shield  
  77  7:55  Marine x2, Marauder x2  
  83  8:01  Orbital Command  
  83  8:08  Viking x2  
  87  8:15  Marine x2  
  87  8:17  Terran Infantry Weapons Level 1  
  89  8:24  Barracks Reactor, Orbital Command, Barracks Tech Lab  
  89  8:26  Marine, Marauder  
  92  8:29  SCV x2  
  92  8:33  Marine  
  95  8:36  Siege Tank  
  98  8:41  SCV x2  
  98  8:42  Supply Depot, Missile Turret  
  98  8:46  Marine, Concussive Shells, Marauder x2  
  105  8:53  SCV x3  
  108  9:02  Supply Depot  
  108  9:03  Supply Depot  
  108  9:04  Marine  
  108  9:05  SCV, Marauder  
  108  9:06  Marine x3  
  108  9:08  Marauder  
  117  9:12  SCV x2  
  113  9:17  SCV  
  113  9:18  Marine  
  111  9:25  SCV x2  
  111  9:26  Marine, Marauder  
  111  9:27  Marine  
  111  9:29  Marauder  
  119  9:34  Siege Tank  
  119  9:36  Medivac, Marauder  
  119  9:37  Medivac  
  119  9:38  SCV x2  
  130  9:47  Supply Depot  
  130  9:48  SCV  
  130  9:50  SCV x2  
  133  9:56  Marine x4, Marauder x2  
  140  10:02  Refinery, Ghost Academy  
  140  10:03  Refinery  
  140  10:07  Supply Depot, SCV  
  140  10:08  Supply Depot, SCV x2  
  140  10:09  Marauder  
  145  10:17  Supply Depot  
  142  10:25  Marine  
  142  10:26  Marauder  
  119  10:31  Marine, Marauder  
  119  10:34  Marine x2, Marauder  
  92  10:35  Viking  
  92  10:36  Viking  
  92  10:42  Siege Tank  
  74  10:47  Marauder  
Show
View Real Time Build Order
Export as new Build Order

Has Protoss - Winner!

Build Orders: 1 Gate Expand, Phoenix Opening, Colossus Rush 

Get SALT Encoding   

  12  0:00  Probe  
  13  0:12  Probe  
  14  0:17  Pylon  
  14  0:24  Probe (Chrono Boost)  
  16  0:36  Gateway  
  16  0:37  Probe (Chrono Boost)  
  16  0:41  Probe (Chrono Boost)  
  16  0:45  Assimilator  
  17  0:53  Probe  
  18  1:05  Probe  
  19  1:17  Probe  
  20  1:25  Cybernetics Core  
  21  1:35  Nexus  
  21  1:37  Zealot  
  22  1:45  Pylon  
  22  1:48  Probe  
  22  1:53  Assimilator  
  23  2:02  Adept (Chrono Boost)  
  23  2:03  Probe  
  26  2:15  Probe  
  27  2:25  Stargate  
  27  2:27  Probe  
  27  2:38  Warp Gate  
  27  2:39  Adept, Probe  
  30  2:47  Probe  
  30  2:49  Shield Battery  
  31  2:51  Probe  
  32  2:59  Probe  
  32  3:03  Probe  
  34  3:07  Shield Battery  
  34  3:09  Phoenix (Chrono Boost)  
  34  3:11  Probe  
  37  3:18  Probe  
  38  3:23  Probe  
  38  3:25  Phoenix (Chrono Boost)  
  39  3:32  Pylon  
  39  3:33  Probe  
  42  3:36  Probe  
  43  3:45  Probe  
  43  3:48  Probe  
  45  3:49  Robotics Facility  
  45  3:53  Phoenix (Chrono Boost)  
  47  3:57  Probe  
  48  4:03  Probe  
  48  4:08  Pylon  
  48  4:09  Probe  
  50  4:14  Phoenix (Chrono Boost)  
  50  4:15  Pylon, Probe  
  53  4:18  Assimilator  
  53  4:19  Assimilator  
  53  4:21  Probe  
  54  4:27  Probe  
  55  4:33  Probe  
  55  4:37  Observer (Chrono Boost)  
  57  4:39  Probe  
  58  4:45  Nexus, Probe  
  58  4:48  Pylon  
  57  4:55  Robotics Bay  
  57  4:57  Probe  
  57  4:59  Phoenix (Chrono Boost)  
  58  5:05  Probe  
  61  5:09  Probe  
  62  5:19  Gateway, Probe  
  63  5:21  Gateway  
  63  5:22  Phoenix  
  63  5:24  Gateway  
  67  5:31  Shield Battery, Probe  
  67  5:41  Colossus (Chrono Boost)  
  71  5:43  Probe x2  
  71  5:48  Shield Battery  
  73  5:50  Pylon  
  73  5:51  Sentry  
  73  5:55  Probe x2  
  77  6:08  Probe  
  74  6:17  Zealot  
  74  6:18  Zealot x2  
  76  6:23  Probe  
  77  6:27  Probe  
  77  6:30  Probe  
  75  6:34  Observer (Chrono Boost)  
  75  6:36  Probe  
  75  6:37  Phoenix  
  75  6:39  Probe  
  80  6:43  Probe  
  81  6:48  Probe  
  81  6:51  Probe  
  82  6:57  Probe  
  82  7:00  Probe  
  84  7:03  Colossus (Chrono Boost), Probe  
  91  7:09  Probe  
  91  7:10  Assimilator  
  91  7:11  Pylon  
  91  7:12  Probe  
  91  7:13  Pylon  
  91  7:14  Assimilator  
  91  7:15  Probe  
  94  7:16  Forge  
  94  7:17  Forge  
  94  7:20  Twilight Council  
  94  7:21  Extended Thermal Lance, Phoenix, Probe  
  94  7:22  Phoenix  
  97  7:27  Probe  
  98  7:31  Pylon  
  98  7:34  Gateway  
  98  7:36  Gateway  
  98  7:37  Pylon  
  98  7:45  Sentry x2  
  98  7:46  Charge  
  98  7:47  Colossus (Chrono Boost)  
  98  7:48  Protoss Ground Weapons Level 1 (Chrono Boost), Protoss Ground Armor Level 1 (Chrono Boost), Zealot x2  
  98  7:50  Pylon  
  112  7:53  Probe x2  
  114  8:08  Probe  
  114  8:10  Gateway  
  114  8:11  Observer  
  114  8:12  Gateway, Probe  
  116  8:13  Probe  
  116  8:15  Templar Archives, Photon Cannon  
  117  8:20  Nexus  
  117  8:26  Probe  
  118  8:31  Immortal (Chrono Boost)  
  122  8:34  Probe  
  123  8:41  Zealot x3  
  123  8:42  Zealot x2  
  123  8:44  Pylon  
  123  8:47  Probe x2  
  135  8:48  Probe  
  135  8:59  Pylon  
  135  9:00  Observer (Chrono Boost), Probe x2  
  138  9:06  High Templar x3  
  138  9:08  High Templar  
  146  9:15  Archon x2  
  146  9:17  Blink  
  146  9:19  Probe x2  
  148  9:29  Stalker x4  
  156  9:37  Gateway, Probe x2  
  158  9:40  Gateway, High Templar  
  158  9:41  High Templar  
  158  9:42  Zealot x2  
  166  9:46  Pylon, Archon  
  166  9:48  Pylon  
  166  9:50  Probe x2  
  166  9:52  Assimilator  
  167  9:54  Assimilator  
  167  9:57  Zealot x2  
  171  10:14  Zealot x4  
  171  10:15  Zealot x2  
  129  10:39  Colossus (Chrono Boost)  
  123  10:49  Zealot x7  
  137  10:50  Zealot x3  
  143  11:01  Gateway  
  143  11:03  Gateway  
  143  11:05  Pylon, Nexus  
  143  11:07  Photon Cannon  
  143  11:11  Pylon  

Tags
 
Add a new tag
Caveats
  • Supply blocks, unpowered buildings, or Contaminate may cause inaccurate times.
  • Supply counts are checked every 10 seconds.